 Seeded DCSS version 0.30-a0-672-gc3a7216ad8 (webtiles) character file.

Game seed: 14267924721094143622 (custom seed)

14490 mampy3000 the Basher (level 11, -5/102 HPs)
             Began as a Minotaur Berserker on Jan 18, 2023.
             Was a High Priest of Trog.
             Killed by divine providence
             ... invoked by an orc high priest
              (11 damage)
             ... on level 2 of the Orcish Mines.
             The game lasted 00:28:16 (9071 turns).

mampy3000 the Basher (Minotaur Berserker)           Turns: 9071, Time: 00:28:16

Health: -5/102     AC: 13    Str: 27    XL:     11   Next: 89%
Magic:  19/19      EV: 16    Int:  4    God:    Trog [*****.]
Gold:   1106       SH:  5    Dex: 19    Spells: 10/10 levels left

rFire   + + .      SeeInvis +    t - +6 whip of Dim Light {drain, *Slow Fly Str+8 SInv}
rCold   x . .      Faith    .    (no shield)
rNeg    . . .      Spirit   .    m - +2 ring mail of Fuschu Soikiu {Will+ MP+9 Str-2 Dex+4 SInv}
rPois   .          Reflect  +    (helmet restricted)
rElec   .          Harm     .    (no cloak)
rCorr   +          Rampage  .    l - +1 pair of gloves
Will    +....                    f - +0 pair of boots
Stlth   ++                       h - amulet of Qyisit {Reflect +Inv rCorr SH+5}
HPRegen 0.37/turn                q - ring of fire
MPRegen 0.16/turn                y - ring of protection from fire

@: on berserk cooldown, flying, slowed, very slow
A: horns 2, retaliatory headbutt
a: Renounce Religion, Evoke Invisibility, Berserk, Trog's Hand, Brothers in Arms


You were on level 2 of the Orcish Mines.
You worshipped Trog.
Trog was extremely pleased with you.
You visited 2 branches of the dungeon, and saw 11 of its levels.

You collected 1312 gold pieces.
You spent 206 gold pieces at shops.

Inventory:

Hand Weapons
 e - a +3 whip
 t - the +6 whip of Dim Light (weapon) {drain, *Slow Fly Str+8 SInv}
   (You found it on level 4 of the Dungeon)

   Str:       It affects your strength (+8).
   SInv:      It lets you see invisible.
   Fly:       It grants you flight.
   *Slow:     It may slow you when you take damage.
 D - a +2 antimagic quarterstaff
Missiles
 x - 4 throwing nets (quivered)
Armour
 f - a +0 pair of boots (worn)
 l - a +1 pair of gloves (worn)
 m - the +2 ring mail of Fuschu Soikiu (worn) {Will+ MP+9 Str-2 Dex+4 SInv}
   (You found it on level 2 of the Dungeon)

   Str:       It affects your strength (-2).
   Dex:       It affects your dexterity (+4).
   MP:        It affects your magic capacity (+9).
   SInv:      It lets you see invisible.
   Will:      It increases your willpower.
Jewellery
 h - the amulet of Qyisit (around neck) {Reflect +Inv rCorr SH+5}
   (You acquired it on level 7 of the Dungeon)

   [amulet of reflection]

   It reflects blocked missile attacks.
   +Inv:      It lets you turn invisible.
   rCorr:     It protects you from acid and corrosion.
   SH:        It affects your SH (+5).
 k - an amulet of the acrobat
 q - a ring of fire (left hand)
 u - an amulet of regeneration
 v - an amulet of magic regeneration
 y - a ring of protection from fire (right hand)
 E - an amulet of guardian spirit
Wands
 o - a wand of iceblast (11)
 z - a wand of light (3)
 A - a wand of flame (6)
Scrolls
 a - 5 scrolls of teleportation
 g - a scroll of identify
 C - a scroll of fear
 F - a scroll of blinking {unknown}
Potions
 b - 2 potions of flight {unknown}
 c - 3 potions of lignification
 d - 3 potions of cancellation
 i - 2 potions of brilliance {unknown}
 j - 4 potions of might
 n - 3 potions of curing {unknown}
 p - a potion of magic {unknown}
 r - 5 potions of attraction
 s - 2 potions of heal wounds
 w - 2 potions of mutation {unknown}
 B - a potion of ambrosia {unknown}


   Skills:
 + Level 11.5 Fighting
 + Level 13.9 Maces & Flails
 + Level 9.9 Armour
 + Level 8.4 Dodging
 + Level 4.2 Stealth
 + Level 5.7 Shields


You had 10 spell levels left.
You didn't know any spells.
Your spell library was empty.

Dungeon Overview and Level Annotations

Branches:
Dungeon (9/15)             Temple (0/1) D:7            Lair (0/5) D:9
    Orc (2/2) D:9             Elf (0/3) Orc:2

Altars:
Cheibriados
Kikubaaqudgha
Uskayaw
Wu Jian
Zin

Shops:
D:4 *   Orc:1 *   Orc:2 !?(


Innate Abilities, Weirdness & Mutations

You have a pair of horns on your head.
You reflexively headbutt those who attack you in melee.


Message History

A red film seems to cover your vision as you go berserk!
You feel yourself moving faster!
You feel mighty!
The orc sorcerer gestures at you while chanting.
You resist with almost no effort.
You feel a strong urge to attack something.
You whack the orc sorcerer! You drain the orc sorcerer.
The orc sorcerer is heavily wounded.
You barely miss the orc sorcerer.
The orc sorcerer is heavily wounded.
The orc sorcerer gestures at you while chanting.
You resist with almost no effort.
You whack the orc sorcerer! You drain the orc sorcerer.
You kill the orc sorcerer!
Trog accepts your kill.
Trog appreciates your killing of a magic user.
Things that are here:
a +0 dagger; a +2 robe of cold resistance; an orc corpse You feel a strong urge to attack something.
You are no longer berserk.
You are exhausted.
You feel yourself slow down.
The orc knight shouts!
An orc high priest comes into view. It is wielding a +2 heavy hand axe.
You block the orc knight's attack.
The orc knight hits you with a +0 war axe!
The orc knight hits you with a +0 war axe!!
The orc high priest shouts!
The orc knight roars a battlecry!
The orc high priest goes into a battle-frenzy!
The orc knight roars a battlecry!
The orc knight goes into a battle-frenzy!
The orc knight barely misses you.
The orc knight roars a battlecry!
The orc knight goes into a battle-frenzy!
The orc knight hits you with a +0 war axe!!
The orc knight hits you with a +0 war axe!!!
* * * LOW HITPOINT WARNING * * *
The orc high priest mumbles some strange prayers to Beogh against you.
Beogh smites you!
You die...

......## ##...##.##......
.......# ##....##.#####...
.......###
##................
.........##
##.#....##.#####..
#.........# #.....o.##.#
..........# #.......##.#
#.....<..######.......##.#
...........#.##.oo....##..
....<.##......).@.....###.
.....#####............# .
..#### #.....#......#
....# ##.#.#.......#
....## #####.......#
.....## #........#
....#.### ##.##..#.#
......#.## ###...###
.#....#..## ##.##


You could see 2 orc knights and an orc high priest (strong).

Vanquished Creatures
  Harold (D:9)
  The ghost of Dittersdorf the Blocker, a journeyman GrFi of Okawaru (Orc:1)
  2 orc high priests (Orc:2)
  Pikel (D:6)
  2 orc knights (Orc:2)
  4 orc sorcerers (Orc:2)
  5 trolls
  7 yaks (D:9)
  2 steam dragons
  A wyvern (D:8)
  2 wargs
  2 water moccasins
  2 ice beasts (D:5)
  2 black bears
  14 orc warriors
  9 ogres
  A centaur (D:9)
  A phantom (D:4)
  8 bullfrogs
  6 necrophages
  3 gnoll sergeants (D:9)
  6 kobold brigands
  4 wights (D:9)
  4 killer bees (D:9)
  5 howler monkeys
  2 jellies
  Crazy Yiuf (D:4)
  2 gnoll boudas
  14 orc priests
  6 iguanas
  Jessica (D:2)
  Natasha (thrice) (D:2)
  21 orc wizards
  Robin (D:3)
  11 gnolls
  10 river rats (D:5)
  4 adders
  A shadow imp (D:6)
  A white imp (D:7)
  2 worms
  2 dart slugs
  50 orcs
  4 ball pythons
  3 bats
  4 endoplasms
  3 giant cockroaches
  14 goblins
  3 hobgoblins
  2 jackals (D:1)
  12 kobolds
  10 quokkas
  3 frilled lizards
  14 rats
299 creatures vanquished.

Vanquished Creatures (others)
  15 fungi (D:9)
  12 plants (D:9)
27 creatures vanquished.

Grand Total: 326 creatures vanquished

Notes
Turn   | Place    | Note
-------+----------+-------------------------------------------
     0 | D:1      | mampy3000 the Minotaur Berserker began the quest for the
                  | Orb.
     0 | D:1      | Reached XP level 1. HP: 19/19 MP: 0/0
   158 | D:1      | Reached XP level 2. HP: 27/27 MP: 1/1
   274 | D:1      | Reached skill level 4 in Maces & Flails
  1383 | D:2      | Identified the +2 ring mail of Fuschu Soikiu {Will+ MP+9
                  | Str-2 Dex+4 SInv}
  1386 | D:2      | Noticed Natasha
  1397 | D:2      | Killed Natasha
  1398 | D:2      | Reached XP level 3. HP: 34/34 MP: 2/2
  1529 | D:2      | Noticed Natasha
  1535 | D:2      | Killed Natasha
  1536 | D:2      | Reached XP level 4. HP: 41/41 MP: 3/3
  1561 | D:2      | Noticed Natasha
  1568 | D:2      | Killed Natasha
  1621 | D:2      | Noticed Jessica
  1626 | D:2      | Killed Jessica
  1627 | D:2      | Reached skill level 5 in Fighting
  1627 | D:2      | Reached skill level 5 in Maces & Flails
  2075 | D:3      | Noticed Robin
  2077 | D:3      | Reached XP level 5. HP: 46/48 MP: 4/4
  2079 | D:3      | Killed Robin
  2088 | D:3      | Reached ** piety under Trog
  2601 | D:4      | Identified the +6 whip of Dim Light {drain, *Slow Fly Str+8
                  | SInv}
  2638 | D:4      | Found a runed translucent door.
  2639 | D:4      | Noticed Crazy Yiuf
  2710 | D:4      | Reached skill level 6 in Maces & Flails
  2801 | D:4      | Noticed a phantom
  2805 | D:4      | Killed a phantom
  2806 | D:4      | Reached XP level 6. HP: 56/56 MP: 5/5
  2918 | D:4      | Found Nyagreb's Assorted Antiques.
  2929 | D:4      | Bought a scroll labelled ROEBOD ZAGRAOPH for 29 gold pieces
  2929 | D:4      | Bought a scroll labelled ROEBOD ZAGRAOPH for 29 gold pieces
  2929 | D:4      | Bought a scroll of identify for 58 gold pieces
  3537 | D:4      | Killed Crazy Yiuf
  3671 | D:5      | Entered Level 5 of the Dungeon
  3692 | D:5      | Reached skill level 7 in Maces & Flails
  3692 | D:5      | Reached XP level 7. HP: 62/62 MP: 6/6
  3841 | D:5      | Found a hide-covered altar of Uskayaw.
  3849 | D:5      | Reached skill level 1 in Stealth
  4007 | D:5      | Reached skill level 8 in Maces & Flails
  4007 | D:5      | Reached skill level 5 in Armour
  4096 | D:5      | Reached *** piety under Trog
  4164 | D:5      | Reached XP level 8. HP: 70/70 MP: 7/7
  4576 | D:6      | Found the +6 shillelagh "Devastator" {shatter}
  4584 | D:6      | Reached skill level 9 in Maces & Flails
  4785 | D:6      | Noticed Pikel
  4791 | D:6      | Killed Pikel
  4792 | D:6      | Reached skill level 10 in Maces & Flails
  4792 | D:6      | Reached XP level 9. HP: 79/79 MP: 8/8
  5212 | D:7      | Found a staircase to the Ecumenical Temple.
  5259 | D:7      | Reached **** piety under Trog
  5326 | D:7      | Reached skill level 11 in Maces & Flails
  5520 | D:7      | Reached skill level 5 in Dodging
  5673 | D:7      | Found an ornate altar of the Wu Jian Council.
  5673 | D:7      | Found an ancient bone altar of Kikubaaqudgha.
  5687 | D:7      | Found a snail-covered altar of Cheibriados.
  5711 | D:7      | Identified a scroll of acquirement
  5711 | D:7      | Acquired the amulet of Qyisit {Reflect +Inv rCorr SH+5}
  6153 | D:8      | Reached skill level 12 in Maces & Flails
  6391 | D:8      | Found a glowing silver altar of Zin.
  6702 | D:9      | Reached XP level 10. HP: 65/90 MP: 9/9
  6827 | D:9      | Reached ***** piety under Trog
  6843 | D:9      | Reached skill level 1 in Shields
  6978 | D:9      | Found a staircase to the Orcish Mines.
  7013 | D:9      | Reached skill level 13 in Maces & Flails
  7374 | D:9      | Noticed Harold
  7387 | D:9      | Killed Harold
  7387 | D:9      | Received a gift from Trog
  7388 | D:9      | Reached skill level 10 in Fighting
  7388 | D:9      | Reached XP level 11. HP: 99/99 MP: 10/10
  7545 | D:9      | Found a staircase to the Lair.
  7650 | Orc:1    | Entered Level 1 of the Orcish Mines
  7837 | Orc:1    | Found Urieqen's CLEARANCE SALE!.
  8032 | Orc:1    | Found a runed translucent gate.
  8034 | Orc:1    | Found a runed translucent gate.
  8035 | Orc:1    | Found a runed translucent gate.
  8037 | Orc:1    | Noticed Dittersdorf's ghost (journeyman GrFi)
  8055 | Orc:1    | Killed Dittersdorf's ghost
  8060 | Orc:1    | Identified the +7 battleaxe of the Dwarven Hall {heavy,
                  | MP+9}
  8159 | Orc:2    | Entered Level 2 of the Orcish Mines
  8276 | Orc:2    | Found Paoloj's Distillery.
  8306 | Orc:2    | Bought a potion of heal wounds for 90 gold pieces
  8392 | Orc:2    | Found a staircase to the Elven Halls.
  8679 | Orc:2    | Noticed an orc sorcerer
  8679 | Orc:2    | Noticed an orc knight
  8681 | Orc:2    | Noticed an orc sorcerer
  8682 | Orc:2    | Found Kazi's Magic Scroll Emporium.
  8683 | Orc:2    | Noticed an orc high priest
  8687 | Orc:2    | Killed an orc sorcerer
  8689 | Orc:2    | Noticed an orc knight
  8689 | Orc:2    | Noticed an orc high priest
  8691 | Orc:2    | Killed an orc sorcerer
  8694 | Orc:2    | Killed an orc high priest
  8695 | Orc:2    | Reached skill level 5 in Shields
  8699 | Orc:2    | Killed an orc knight
  8705 | Orc:2    | Noticed a sun demon
  8706 | Orc:2    | Killed an orc high priest
  8710 | Orc:2    | Noticed an orc sorcerer
  8712 | Orc:2    | Killed an orc knight
  8713 | Orc:2    | Found Biuskick's Weapon Boutique.
  8723 | Orc:2    | Killed an orc sorcerer
  8739 | Orc:2    | Noticed an orc knight
  8746 | Orc:2    | Noticed an orc knight
  9042 | Orc:2    | Noticed an orc sorcerer
  9049 | Orc:2    | Killed an orc sorcerer
  9065 | Orc:2    | Noticed an orc high priest
  9071 | Orc:2    | Killed from afar by an orc high priest

Illustrated notes

Levels and vault maps discovered:
D:1:      doesnt_arrival_eight_statues, layout_basic
D:2:      layout_basic, uniq_jessica, uniq_natasha
D:3:      layout_basic, dreamdust_wishing_well, uniq_robin
D:4:      layout_loops_corners, serial_shops, shop, grunt_decor_one_mirror,
          uniq_crazy_yiuf_cottage
D:5:      lemuel_ratsnest, layout_basic, eat_drink_and_be_merry_uskayaw,
          nicolae_elevator_lobby_asterisk
D:6:      layout_layer_cave, minivault_11, chequers_serial_rivers_micro_a,
          dilly_guarded_unrand_devastator, uniq_pikel
D:7:      layout_gridville, mainiacjoe_overflow_alcove_1,
          gammafunk_temple_overflow_elements, minmay_temple_entry_junction_2
D:8:      layout_basic, zin_statuary
D:9:      layout_cave_pools, grunt_lair_entry_orc_guard_hut,
          kennysheep_orc_monster_closet_entryway, uniq_harold
Orc:1:    layout_diamond_mine, ebering_ghost_rock_garden, nicolae_shop_clearance
Orc:2:    st_orc_elflike, layout_diamond_mine, serial_shops,
          nicolae_shop_crystal

Skill      XL: |  1  2  3  4  5  6  7  8  9 10 11 |
---------------+----------------------------------+-----
Fighting       | 4 5 6 7 8 10 11 | 11.5
Maces & Flails | 4 5 6 7 8 10 12 13 | 13.9
Armour         | 3 4 5 6 7 8 9 |  9.9
Dodging        | 3 4 5 7 8 |  8.4
Stealth        | 1 2 3 4 |  4.2
Shields        | 3 5 |  5.7

Action                   |  1- 3 |  4- 6 |  7- 9 | 10-12 || total
-------------------------+-------+-------+-------+-------++-------
Melee: Mace              |     5 |       |       |       ||     5
       Whip              |    36 |    89 |   233 |   302 ||   660
       Headbutt          |     4 |    14 |    44 |    74 ||   136
       Punch             |       |       |     4 |     3 ||     7
Invok: Berserk           |     2 |     5 |     4 |     7 ||    18
       Trog's Hand       |       |       |       |     1 ||     1
  Use: Scroll            |       |     7 |     4 |     4 ||    15
       Potion            |       |       |       |     3 ||     3
 Stab: Sleeping          |     1 |       |       |     1 ||     2
       Distracted        |       |       |     1 |       ||     1
Armor: Animal skin       |     3 |       |       |       ||     3
       Ring mail         |     1 |    19 |    64 |    52 ||   136
Dodge: Dodged            |    20 |    48 |   113 |   136 ||   317
Block: Other             |       |       |    10 |    49 ||    59
       Reflection        |       |       |       |     1 ||     1

Table legend: (Time is in decaauts)
 A = Elapsed time spent in this place.
 B = Non-inter-level travel time spent in this place.
 C = Inter-level travel time spent in this place.
 D = Time resting spent in this place.
 E = Time spent auto-exploring this place.
 F = Levels seen in this place.
 G = Mean time per level.
                   A        B        C        D        E       F      G
               +--------+--------+--------+--------+--------+-----+--------+
         Total |   8972 |   8502 |    470 |      0 |   6539 |  11 |  815.6 |
       Dungeon |   7582 |   7144 |    438 |      0 |   5714 |   9 |  842.4 |
  Orcish Mines |   1389 |   1357 |     32 |      0 |    825 |   2 |  694.5 |
               +--------+--------+--------+--------+--------+-----+--------+

Top non-repeatable levels by time:
     D:4: 1145 daAuts
     D:1: 967 daAuts
     D:8: 901 daAuts
     D:2: 897 daAuts
     D:9: 888 daAuts
     D:5: 883 daAuts
   Orc:2: 876 daAuts
     D:3: 718 daAuts
     D:6: 626 daAuts
     D:7: 553 daAuts
   Orc:1: 513 daAuts
